 Dungeon Crawl Stone Soup version 0.28-a0-1038-g9c4cb8273d (webtiles) character file.

Game seed: 7906160672247199361

294 Lavandula the Bolt Thrower (level 6, -21/51 HPs)
             Began as a Naga Arcane Marksman on Dec 8, 2021.
             Killed by an exploding scorpion (27 damage)
             ... ignited by their inner flame
             ... on level 4 of the Dungeon.
             The game lasted 00:06:20 (3889 turns).

Lavandula the Bolt Thrower (Naga Arcane Marksman)   Turns: 3889, Time: 00:06:21

Health: -21/51     AC:  4    Str:  9    XL:     6   Next: 33%
Magic:  7/7        EV:  9    Int: 18    God:
Gold:   176        SH:  4    Dex: 11    Spells: 3/7 levels left

rFire   . . .      SeeInvis +   t - staff of earth
rCold   + . .      Faith    .   i - +0 buckler
rNeg    . . .      Spirit   .   d - +0 robe
rPois   +          Reflect  .   (no helmet)
rElec   +          Harm     .   p - +0 cloak
rCorr   .          Rampage  .   (no gloves)
Will    .....                   (no barding)
Stlth   +.........              (no amulet)
HPRegen 0.17/turn               h - ring of protection from cold
MPRegen 0.10/turn               s - ring "Fun Babota" {Fly rElec rPois Str-5 Int+4}

@: mighty, flying, very slow
A: AC +2, large, see invisible, deformed body, poison resistance, slowness 2,
spit poison 1, naga tail 1
a: Spit Poison


You were on level 4 of the Dungeon.
You visited 1 branch of the dungeon, and saw 4 of its levels.

You collected 176 gold pieces.

Inventory:

Hand Weapons
 a - a +0 hand crossbow
 q - a +0 long sword
Missiles
 c - 8 bolts
Armour
 d - a +0 robe (worn)
 i - a +0 buckler (worn)
 p - a +0 cloak (worn)
Magical Staves
 t - a staff of earth (weapon)
Jewellery
 h - a ring of protection from cold (left hand)
 s - the ring "Fun Babota" (right hand) {Fly rElec rPois Str-5 Int+4}
   (You found it on level 4 of the Dungeon)

   [ring of flight]

   Str:       It affects your strength (-5).
   Int:       It affects your intelligence (+4).
   rElec:     It insulates you from electricity.
   rPois:     It protects you from poison.
   Fly:       It grants you flight.
Scrolls
 f - 2 scrolls of identify
 g - a scroll of immolation
 l - a scroll of teleportation {unknown}
 m - a scroll of fog {unknown}
 n - a scroll of noise
 o - a scroll of acquirement {unknown}
Potions
 b - a potion of resistance {unknown}
 e - a potion of might
 j - a potion of flight {unknown}
 k - 2 potions of ambrosia {unknown}
 r - a potion of mutation {unknown}
 u - a potion of curing {unknown}


   Skills:
 - Level 1.0 Fighting
 + Level 0.6 Staves
 - Level 5.0 Crossbows
 - Level 1.5 Dodging
 - Level 2.4 Shields
 - Level 1.0 Spellcasting
 - Level 3.0 Hexes


You had 3 spell levels left.
You knew the following spells:

 Your Spells              Type           Power      Damage    Failure   Level
a - Slow                  Hex            44%        N/A       6%          1
b - Apportation           Tloc           0%         N/A       21%         1
c - Animate Skeleton      Necr           0%         N/A       21%         1
d - Summon Small Mammal   Summ           0%         N/A       21%         1

Your spell library contained the following spells:

 Spells                   Type           Power      Damage    Failure   Level
 Inner Flame              Hex/Fire       6%         N/A       32%         3
 Portal Projectile        Hex/Tloc       12%        N/A       32%         3
 Cause Fear               Hex            5%         N/A       50%         4


Dungeon Overview and Level Annotations

Branches:
Dungeon (4/15)
 Temple: D:4-7

Altars:
Trog
Xom

Annotations:
D:4 Menkaure


Innate Abilities, Weirdness & Mutations

Your serpentine skin is tough. (AC +2)
You have supernaturally acute eyesight. (SInv)
Armour fits poorly on your strangely shaped body.
Your system is resistant to poisons. (rPois)
You cover ground very slowly.
You can spit poison.
You have a snake-like lower body.


Message History

The scorpion stings you but does no damage.
Your rat closely misses the phantom.
The phantom hits you.
The phantom blinks!
You blink.
Unknown command.
As you read the scroll labelled TELISHR UGEG, it crumbles to dust.
The creatures around you are filled with an inner flame!
It was a scroll of immolation.
The phantom hits you.
* * * LOW HITPOINT WARNING * * *
The phantom blinks!
You blink.
As you read the scroll labelled IMOTHUVEDI, it crumbles to dust.
It is a scroll of identify.
Really abort (and waste the scroll)?
Uppercase [Y]es or [N]o only, please.
Really abort (and waste the scroll)?
n - a scroll of noise Your rat bites the scorpion but does no damage.
The phantom hits you.
* * * LOW HITPOINT WARNING * * *
The scorpion stings you.
* * * LOW HITPOINT WARNING * * *
It was a potion of might.
You feel very mighty all of a sudden.
Your rat bites the scorpion.
Flame seeps out of the scorpion.
Menkaure calls on the powers of darkness!
The scorpion convulses!
Flame seeps out of the scorpion.
Your body is wracked with pain!
* * * LOW HITPOINT WARNING * * *
Your rat barely misses the scorpion.
The scorpion is engulfed in blazing flames.
The scorpion explodes!
The fiery explosion engulfs your rat!!!
Your rat's corpse disappears in a puff of smoke!
The fiery explosion engulfs your rat!!
Your rat's corpse disappears in a puff of smoke!
The fiery explosion engulfs the phantom!!
Flame seeps out of the phantom.
The phantom is severely damaged.
The fiery explosion engulfs you!!
Ouch! That really hurt!
You die...

#.. .........§........... ...
....................[....... ...
............................ ...
............................
.......................[.........
.......=.........................
.................................
.............[...................
..............§§@................
..............§○W................
..............§§§................
>.........§.M....................
.........................(.......
........................
........................
..>.....................
......................


You could see a phantom (inner flame) and Menkaure (fast, inner flame).

Vanquished Creatures
  A phantom (D:4)
  A scorpion (D:4)
  2 hounds (D:3)
  A gnoll (D:3)
  4 adders
  2 ufetubi (D:4)
  2 worms
  4 dart slugs
  An orc (D:3)
  7 endoplasms
  6 giant cockroaches
  14 hobgoblins
  3 jackals (D:1)
  A quokka (D:1)
  7 ball pythons
  6 bats
  5 frilled lizards
  8 goblins
  7 kobolds
  5 rats
87 creatures vanquished.

Notes
Turn   | Place    | Note
-------+----------+-------------------------------------------
     0 | D:1      | Lavandula the Naga Arcane Marksman began the quest for the
                  | Orb.
     0 | D:1      | Reached XP level 1. HP: 18/18 MP: 2/2
    77 | D:1      | Reached skill level 2 in Crossbows
    81 | D:1      | Reached XP level 2. HP: 25/25 MP: 3/3
   532 | D:1      | Reached skill level 3 in Crossbows
   545 | D:1      | Reached XP level 3. HP: 31/31 MP: 4/4
  1375 | D:2      | Reached XP level 4. HP: 34/38 MP: 5/5
  1378 | D:2      | Learned a level 1 spell: Apportation
  1380 | D:2      | Learned a level 1 spell: Animate Skeleton
  1382 | D:2      | Learned a level 1 spell: Summon Small Mammal
  1743 | D:2      | Reached skill level 4 in Crossbows
  2241 | D:3      | Found a bloodstained altar of Trog.
  2600 | D:3      | Found a faded altar of an unknown god.
  2660 | D:3      | Reached skill level 1 in Shields
  2660 | D:3      | Reached XP level 5. HP: 32/44 MP: 6/6
  3188 | D:4      | Found a shimmering altar of Xom.
  3437 | D:4      | Noticed a phantom
  3460 | D:4      | Killed a phantom
  3461 | D:4      | Reached XP level 6. HP: 21/51 MP: 3/7
  3659 | D:4      | Identified the ring "Fun Babota" {Fly rElec rPois Str-5
                  | Int+4}
  3716 | D:4      | Reached skill level 5 in Crossbows
  3880 | D:4      | Noticed Menkaure
  3889 | D:4      | Killed by an exploding scorpion... ignited by their inner
                  | flame

Illustrated notes

Levels and vault maps discovered:
D:1:      matt_arrival_refuge, layout_basic
D:2:      layout_loops_corners, minmay_vboxes
D:3:      layout_rooms, mainiacjoe_overflow_catwalk,
          shapermc_ecumenical_altar_petra, cheibrodos_gnoll_hut
D:4:      layout_layer_cave, lemuel_crystal_altar, ebering_ghost_disaster_area,
          kennysheep_generic_room_11, uniq_menkaure

Skill      XL: |  1  2  3  4  5  6 |
---------------+-------------------+-----
Crossbows      | 2 3 4 5 |  5.0
Shields        | 1 2 |  2.4
Fighting       | |  1.0
Staves         | |  0.6
Dodging        | |  1.5
Spellcasting   | |  1.0
Hexes          | |  3.0

Action                   |  1- 3 |  4- 6 || total
-------------------------+-------+-------++-------
Melee: Long sword        |       |    23 ||    23
       Staff             |       |    12 ||    12
 Fire: Hand crossbow     |    45 |    69 ||   114
 Cast: Summon Small Mamm |       |     4 ||     4
       Slow              |       |     1 ||     1
 Abil: Spit Poison       |    14 |    28 ||    42
  Use: Scroll            |       |     2 ||     2
       Potion            |       |     1 ||     1
Armor: Robe              |     2 |    22 ||    24
Dodge: Dodged            |    12 |    26 ||    38
Block: Buckler           |       |     8 ||     8

Table legend: (Time is in decaauts)
 A = Elapsed time spent in this place.
 B = Non-inter-level travel time spent in this place.
 C = Inter-level travel time spent in this place.
 D = Time resting spent in this place.
 E = Time spent auto-exploring this place.
 F = Levels seen in this place.
 G = Mean time per level.
                   A        B        C        D        E       F      G
               +--------+--------+--------+--------+--------+-----+--------+
         Total |   5018 |   4870 |    148 |    382 |   3859 |   4 | 1254.5 |
       Dungeon |   5018 |   4870 |    148 |    382 |   3859 |   4 | 1254.5 |
               +--------+--------+--------+--------+--------+-----+--------+

Top non-repeatable levels by time:
     D:1: 1548 daAuts
     D:2: 1332 daAuts
     D:3: 1152 daAuts
     D:4: 985 daAuts
